 Dungeon Crawl Stone Soup version 0.25-a0-942-g87a53962fc (webtiles) character file.

Game seed: 14283029892378132037, levelgen mode: deterministic

8 Harunobu the Skirmisher (level 2, -1/24 HPs)
             Began as a Demonspawn Berserker on May 6, 2020.
             Was a Follower of Trog.
             Slain by a jackal (2 damage)
             ... on level 1 of the Dungeon.
             The game lasted 00:00:49 (379 turns).

Harunobu the Skirmisher (Demonspawn Berserker)       Turns: 379, Time: 00:00:50

Health: -1/24      AC:  2    Str: 17    XL:     2   Next: 0%
Magic:  2/2        EV: 12    Int:  8    God:    Trog [*.....]
Gold:   0          SH:  0    Dex: 12    Spells: 1/1 levels left

rFire    . . .     SeeInvis .   a - +0 mace
rCold    . . .     Gourm    .   (no shield)
rNeg     . . .     Faith    .   b - +0 animal skin
rPois    .         Spirit   .   (no helmet)
rElec    .         Reflect  .   (no cloak)
rCorr    .         Harm     .   (no gloves)
MR       .....                  (no boots)
Stlth    +.........             (no amulet)
HPRegen  0.08/turn              (no ring)
MPRegen  0.08/turn              (no ring)

@: no status effects
A: demonic guardian 1
a: Berserk, Renounce Religion


You were on level 1 of the Dungeon.
You worshipped Trog.
Trog was aware of your devotion.
You were not hungry.

You visited 1 branch of the dungeon, and saw 1 of its levels.

Inventory:

Hand Weapons
 a - a +0 mace (weapon)
Missiles
 g - 3 poisoned darts (quivered)
Armour
 b - a +0 animal skin (worn)
Potions
 d - a potion of flight {unknown}
 e - a potion of ambrosia {unknown}
Comestibles
 c - 3 rations
 f - 7 chunks of flesh


   Skills:
 * Level 3.1 Fighting
 + Level 2.8 Maces & Flails
 + Level 1.9 Armour
 - Level 2.0 Dodging


You had one spell level left.
You didn't know any spells.
Your spell library was empty.

Dungeon Overview and Level Annotations

Branches:
Dungeon (1/15)

Altars:


Innate Abilities, Weirdness & Mutations

A weak demonic guardian rushes to your aid.


Message History

You feel the presence of a demonic guardian.
The jackal bites you.
The jackal bites you but does no damage.
The jackal misses you. The jackal bites you.
* * * LOW HITPOINT WARNING * * *
The jackal bites you but does no damage.
The jackal bites you but does no damage.
The jackal closely misses you. The jackal bites you.
* * * LOW HITPOINT WARNING * * *
The jackal barely misses you. The jackal bites you.
* * * LOW HITPOINT WARNING * * *
The jackal bites you.
* * * LOW HITPOINT WARNING * * *
The jackal misses you. The jackal misses you. The jackal bites you.
* * * LOW HITPOINT WARNING * * *
The jackal bites you.
You die...

..### ....## #.# .#...##### ...
.......... ##.## .....#####
##...## ..#.## ..... ..#.# .r.
.##.# #h# .##.####### #@#
.#........# #.# .#.#.####.# ##'##
. # ..###..##.# ##...## .###. #
.#.#.#.##.# ##.....## .... .
.#........###..)....## ##.##.#
.####...####.........####...#.###
...........+.........'..........#
.####...####.......รท.##.#...#.#.#


You could see a jackal and a rat.

Vanquished Creatures
  2 goblins (D:1)
  2 hobgoblins (D:1)
  A jackal (D:1)
  A ball python (D:1)
  A frilled lizard (D:1)
7 creatures vanquished.

Notes
Turn   | Place    | Note
-------+----------+-------------------------------------------
     0 | D:1      | Harunobu the Demonspawn Berserker began the quest for the
                  | Orb.
     0 | D:1      | Reached XP level 1. HP: 18/18 MP: 1/1
   369 | D:1      | Gained mutation: A weak demonic guardian rushes to your
                  | aid. [demonic ancestry]
   369 | D:1      | Reached XP level 2. HP: 12/24 MP: 2/2
   379 | D:1      | HP: 1/24 [jackal (1)]
   379 | D:1      | Slain by a jackal

Levels and vault maps discovered:
D:1:      ncdulo_watergridlock, layout_loops_corners, roderic_lattice_a,
          chequers_serial_rivers_small_a

Skill      XL: |  1 |
---------------+----+-----
Dodging        | 2 |  2.0
Fighting       | |  3.1
Maces & Flails | |  2.8
Armour         | |  1.9

Action                   || total
-------------------------++-------
Melee: Mace              ||    25
Armor: Animal skin       ||     8
Dodge: Dodged            ||    21

Table legend:
 A = Non-vault XP
 B = Vault XP
 C = Vault XP percentage of total XP
 D = Non-vault monster count
 E = Vault monster count
 F = Vault count percentage of total count
                 A         B        C        D         E       F
            +---------+---------+-------+---------+---------+-------
      Total |      12 |       0 |   0.0 |       7 |       0 |   0.0
            +---------+---------+-------+---------+---------+-------
        D:1 |      12 |       0 |   0.0 |       7 |       0 |   0.0
            +---------+---------+-------+---------+---------+-------
